Unix NetHack Version 5.0.0-0 post-release - last build Jun 10 2026 00:39:30 (3ee93aec679c4c4259841fe613dc97188e26a321,branch:main).

Game began 2026-06-19 21:28:55, ended 2026-06-21 17:58:06.

Japes, lawful male human Monk

                          -----            -------
                          |...------     --|M$.Z1|
                          |........|     |.+rM$02|
                          |........|     |-|Y%dd.|--
                          -------.----   |.+$$$$u@.|
                           |.........--  |-|iO$ue|.|
                           |..........|  |.+$$$uc|.|
                           |..........|  --|BZ($ |.|
                          -----.--------   ------|.|
                          |............|         |.|
                          |............|         |.|
                          --------.----|         |.|
                           |0.........0|         |.|
                           |...........|         |.|
                          -------.------         |.|
                          |`......----------------.|
                          |>......^................|
                          --------------------------
Japes the Initiate              St:18 Dx:17 Co:13 In:8 Wi:15 Ch:8  Lawful
Dlvl:5  $:0  HP:0(65) Pw:66(66) AC:2  Xp:9/4494 T:8244 

Latest messages:
 You destroy the wraith!
 The water nymph reads a scroll labeled STRC PRST SKRZ KRK!
 A mountain nymph suddenly appears close by!
 The warhorse hits the mountain nymph.
 The warhorse bites the mountain nymph.
 The mountain nymph pretends to be friendly to the warhorse.
 The mountain nymph pretends to be friendly to the warhorse.
 The warhorse hits the mountain nymph.
 The mountain nymph is killed!
 You hit the giant zombie!
 You hear some noises in the distance.
 The warhorse hits the water nymph.
 The warhorse bites the water nymph.
 The giant zombie hits!
 The giant zombie knocks you backward with a forceful blow!
 You hear some noises.
 You hear some noises in the distance.
 The warhorse hits it.
 The warhorse bites it.
 It misses the warhorse.
 The warhorse hits it.
 The warhorse bites it.
 You hit the giant zombie!
 You destroy the giant zombie!
 You hit the floating eye!
 You are frozen by the floating eye's gaze!
 The warhorse kicks!
 The warhorse bites!
 The warhorse kicks!
 The warhorse bites!
 The warhorse hits the kitten.
 The warhorse misses the kitten.
 The kitten misses the warhorse.
 The warhorse kicks!
 The warhorse bites!
 The warhorse misses it.
 The warhorse bites it.
 The warhorse kicks!
 The warhorse bites!
 The warhorse misses it.
 The warhorse misses it.
 The warhorse kicks!
 The warhorse bites!
 The warhorse hits the kitten.
 The kitten is killed!
 The warhorse kicks!
 You die...
 Do you want your possessions identified? [ynq] (y)
 Do you want to see your attributes? [ynq] (y)
 Do you want an account of creatures vanquished? [ynaq] (y)

Inventory:
 Amulets  ('"')
  J - an uncursed amulet of unchanging (being worn)
 Weapons  (')')
  T - 6 +0 daggers
  a - the blessed rustproof +6 Excalibur (weapon in right hand)
 Armor    ('[')
  Z - an uncursed +0 elven leather helm (being worn)
  u - a blessed +2 pair of leather gloves (being worn)
  F - an uncursed +0 pair of low boots (being worn)
  E - an uncursed +1 robe (being worn)
  t - an uncursed +0 robe
 Comestibles  ('%')
  m - an uncursed lizard corpse
 Rings    ('=')
  e - a blessed +1 ring of increase accuracy (on left hand)
  M - an uncursed ring of stealth (on right hand)
 Wands    ('/')
  d - a wand of cold (0:6)
  N - a wand of opening (0:7)
  r - a wand of probing (0:3)
  q - a cursed wand of probing (0:4)
  k - a cursed wand of striking (0:0)
  D - a wand of teleportation (0:7)
 Tools    ('(')
  b - a blessed bag of holding containing 73 items
  y - an uncursed lock pick
  P - a cursed tin whistle
  w - a blessed +0 unicorn horn

Contents of the bag of holding:
  557 gold pieces
  a +0 elven arrow
  a +0 elven bow
  7 blessed +0 darts
  14 +0 shuriken
  a +0 elven dagger
  3 +0 knives
  a +0 orcish dagger
  an uncursed +0 mummy wrapping
  an uncursed slime mold
  an uncursed venti hot decaf vanilla latte
  an uncursed apple
  an uncursed candy bar labeled "Wonka Bar"
  an uncursed eucalyptus leaf
  4 uncursed food rations
  2 uncursed fortune cookies
  2 uncursed lembas wafers
  7 uncursed oranges
  an uncursed pancake
  an uncursed tin of spinach
  an uncursed egg
  an uncursed scroll of amnesia
  2 blessed scrolls of blank paper
  3 uncursed scrolls of blank paper
  a cursed scroll of blank paper
  an uncursed scroll of confuse monster
  an uncursed scroll of create monster
  a blessed scroll of destroy armor
  2 uncursed scrolls of earth
  an uncursed scroll of enchant weapon
  2 uncursed scrolls of fire
  an uncursed scroll of genocide
  a cursed scroll of identify
  2 uncursed scrolls of light
  an uncursed scroll of teleportation
  a cursed scroll of teleportation
  an uncursed spellbook of confuse monster
  an uncursed spellbook of drain life
  a blessed spellbook of protection
  an uncursed potion of booze
  a cursed potion of booze
  an uncursed potion of hallucination
  an uncursed potion of levitation
  a blessed potion of object detection
  an uncursed potion of sleeping
  a potion of holy water
  an uncursed potion of water
  a cursed +3 ring of increase damage named cur
  a cursed ring of teleportation
  a wand of create monster (0:14)
  a wand of create monster (0:11)
  a wand of create monster (0:4)
  a wand of digging (0:4)
  a cursed wand of polymorph (0:6)
  an uncursed tooled horn
  an uncursed leash
  a blessed magic lamp
  an uncursed mirror
  a +0 pick-axe
  an uncursed tin opener
  an uncursed towel
  an uncursed partly used wax candle
  2 uncursed amethyst stones
  an uncursed diamond
  an uncursed fluorite stone
  an uncursed jade stone
  3 uncursed worthless pieces of black glass
  an uncursed worthless piece of green glass
  an uncursed worthless piece of orange glass
  an uncursed worthless piece of red glass
  3 uncursed worthless pieces of white glass
  an uncursed worthless piece of yellow glass
  2 uncursed worthless pieces of yellowish brown glass

Japes the Monk's attributes:

Background:
 You were an Initiate, a level 9 male human Monk.
 You were lawful, on a mission for Shan Lai Ching
 who was opposed by Chih Sung-tzu (neutral) and Huan Ti (chaotic).
 You were right-handed.
 You were in Sokoban, on level 5.
 You entered the dungeon 8244 turns ago.
 You had 4494 experience points, 626 more were needed to attain level 10.

Basics:
 You had 0 out of 65 hit points.
 You had all 66 energy points (spell power).
 Your armor class was 2.
 Your wallet was empty, but
 you had 557 zorkmids stashed away in your pack.
 Autopickup was on for '$=' plus thrown.

Final Characteristics:
 Your strength was 18 (limit:18/100).
 Your dexterity was 17 (peak:18, limit:18).
 Your constitution was 13 (limit:18).
 Your intelligence was 8 (limit:18).
 Your wisdom was 15 (limit:18).
 Your charisma was 8 (limit:18).

Final Status:
 You weren't hungry.
 You were unencumbered.
 You were wielding a long sword.
 You had no skill with long sword.

Final Attributes:
 You were piously aligned.
 You were sleep resistant.
 You were poison resistant.
 You were level-drain resistant.
 You saw invisible.
 You were telepathic.
 You were warned.
 You had automatic searching.
 You were stealthy.
 You had a small bonus to hit (+1).
 You were guarded.
 Your spell casting was enhanced by wearing a robe.
 You couldn't change from your current form.
 You were fast.
 You are dead.

Miscellaneous:
 You encountered 1 bones level.
 Total elapsed playing time was 3 hours, 11 minutes and 14 seconds.

Major events:
 Turn
    1: Japes the lawful male human Monk entered the dungeon
  596: entered the Gnomish Mines
 1188: attained the rank of Novice (level 3)
 2089: reached Mine Town
 2246: attained the rank of Initiate (level 6)
 2812: was given Excalibur by the Lady of the Lake
 6080: entered Sokoban
 6326: completed 1st Sokoban level
 6812: completed 2nd Sokoban level
 7449: completed 3rd Sokoban level
 8119: completed 4th Sokoban level
 8244: killed by a warhorse, while frozen by a floating eye's gaze

Spells:
 Name                 Level Category     Fail Retention
 protection             1   clerical       0%   51%-75%
 confuse monster        1   enchantment    0%  76%-100%
 drain life             2   attack         0%  76%-100%
 cure sickness          3   healing        0%   71%-80%

Skills:
 Fighting Skills
   martial arts       [Skilled]
 Weapon Skills
   quarterstaff       [Unskilled]
   spear              [Unskilled]
   crossbow           [Unskilled]
   shuriken           [Unskilled]
 Spellcasting Skills
   attack spells      [Unskilled]
   healing spells     [Basic]
   divination spells  [Unskilled]
   enchantment spells [Unskilled]
   clerical spells    [Unskilled]
   escape spells      [Unskilled]
   matter spells      [Unskilled]

Voluntary challenges:
 Character rerolling was not enabled.
 You never genocided any monsters.
 You never polymorphed an object.
 You used no wishes.
 You did not violate any of the special Sokoban rules.
Achievements:
 You entered a shop.
 You entered the Gnomish Mines.
 You attained the rank of Novice.
 You entered Minetown.
 You entered a temple.
 You attained the rank of Initiate.
 You entered Sokoban.

 The Dungeons of Doom: levels 1 to 9
    Level 1:
    Level 2:
       A general store, an altar to Shan Lai Ching.
    Level 3:
       A sink.
       Stairs down to The Gnomish Mines.
    Level 4:
       A bookstore.
    Level 5:
       An armor shop.
    Level 6:
    Level 7:
       A throne.
       Final resting place for
          DaveT-Pri-Hum-Mal-Law, killed by a paper golem.
    Level 8:
       Many fountains.
       Oracle of Delphi.
    Level 9:
       Stairs up to Sokoban, level 8.
 The Gnomish Mines: levels 4 to 9
    Level 4:
    Level 5:
    Level 6:
       Many shops, a temple and an altar, a fountain.
    Level 7:
    Level 8:
    Level 9:
 Sokoban: levels 8 up to 5
    Level 5: <- You were here.
       Solved.
       Final resting place for
          you, killed by a warhorse, while frozen by a floating eye's gaze.
    Level 6:
       Solved.
    Level 7:
       Solved.
    Level 8:
       Solved.


Vanquished creatures:
  a ghost
  a giant mimic
  a long worm
  2 large mimics
  a wumpus
  a giant zombie
 an elf-noble
  a water demon
  4 small mimics
  a glass piercer
 an ogre leader
  a sasquatch
  a large cat
  2 gargoyles
  a dwarf ruler
  3 tengu
  a leocrotta
  2 wraiths
  a leather golem
  3 Grey-elves
  3 soldiers
  a cockatrice
  2 winter wolf cubs
  a panther
  3 leprechauns
  a giant spider
  2 ice vortices
  a gnome ruler
  a rust monster
  2 Green-elves
  a lizard
  2 jaguars
  a gray unicorn
  2 snakes
  a Woodland-elf
  3 wood nymphs
  2 water nymphs
  a mountain nymph
  6 Mordor orcs
  2 orc shamans
  5 rock piercers
  a rock mole
  a shrieker
  8 gnome leaders
  4 gnomish wizards
  2 kobold mummies
  a guardian naga hatchling
 an elf zombie
  a ghoul
  a straw golem
  2 paper golems
  8 giant ants
  2 little dogs
  2 floating eyes
  a kitten
  2 dwarves
  3 homunculi
  a kobold leader
  4 rothes
  a giant bat
 an orc zombie
  a dwarf zombie
  a werejackal
 an iguana
 an acid blob
  a coyote
  a hobbit
  2 manes
  a large kobold
  3 hobgoblins
  6 giant rats
  a cave spider
  3 brown molds
  3 yellow molds
  a red mold
 36 gnomes
  2 gnome zombies
  5 geckos
  6 jackals
  2 goblins
  a sewer rat
  4 grid bugs
  6 lichens
  8 newts
216 creatures vanquished.

No species were genocided or became extinct.

Game over:
                       ----------
                      /          \
                     /    REST    \
                    /      IN      \
                   /     PEACE      \
                  /                  \
                  |      Japes       |
                  |      557 Au      |
                  |   killed by a    |
                  |     warhorse     |
                  |                  |
                  |                  |
                  |       2026       |
                 *|     *  *  *      | *
        _________)/\\_//(\/(/\)/\//\/|_)_______

Goodbye Japes the Monk...

You died in Sokoban on dungeon level 5 with 17864 points,
and 557 pieces of gold, after 8244 moves.
You were level 9 with a maximum of 65 hit points when you died.

